 Dungeon Sprint DCSS version 0.30-a0-279-g4b46babb21 (webtiles) character file.

Game seed: 15875989549434122074

47 rocky1 the Insei (level 3, -1/23 HPs)
             Began as an Octopode Transmuter on Oct 17, 2022.
             Slain by Crazy Yiuf
             ... wielding a +2 quarterstaff of chaos
              (10 damage)
             ... in the Dungeon (Sprint III: "The Ten Rune Challenge").
             The game lasted 00:01:20 (470 turns).

rocky1 the Insei (Octopode Transmuter)               Turns: 470, Time: 00:01:21

Health: -1/23      AC:  2    Str:  9    XL:     3   Next: 70%
Magic:  3/7        EV: 20    Int: 15    God:
Gold:   0          SH:  0    Dex: 19    Spells: 2/8 levels left

rFire   . . .      SeeInvis .      - Unarmed
rCold   . . .      Faith    .    (shield currently unavailable)
rNeg    . . .      Spirit   .    (helmet currently unavailable)
rPois   x          Reflect  .    (no amulet)
rElec   .          Harm     .    (no ring)
rCorr   .          Rampage  .    (no ring)
Will    .....      NoTele   +    (no ring)
Stlth   +.........               (no ring)
HPRegen 0.23/turn                (no ring)
MPRegen 0.10/turn                (no ring)
                                 (no ring)
                                 (no ring)

@: spider-form (expiring), very slow
A: venomous fangs, almost no armour, (amphibious), 8 rings, tiny, (camouflage
1), (gelatinous body 1), (nimble swimmer 1), (tentacles)
a: End Transformation


You were in the Dungeon.
You were a venomous arachnid creature.
You visited 1 branch

Inventory:

Scrolls
 g - a scroll of blinking
 h - a scroll of vulnerability {unknown}
Potions
 a - a potion of lignification
 b - a potion of curing
 c - a potion of heal wounds
 d - a potion of haste
 e - 2 potions of magic
 f - a potion of berserk rage


   Skills:
 + Level 1.1 Fighting
 + Level 3.0 Dodging
 + Level 2.2 Stealth
 + Level 5.7 Unarmed Combat
 + Level 3.2 Spellcasting
 + Level 3.1 Transmutations


You had 2 spell levels left.
You knew the following spells:

 Your Spells              Type           Power      Damage    Failure   Level
a - Beastly Appendage     Tmut           24%        N/A       16%         1
b - Wereblood             Tmut           12%        N/A       21%         2
c - Spider Form           Tmut/Pois      7%         N/A       52%         3

Your spell library contained the following spells:

 Spells                   Type           Power      Damage    Failure   Level
 Ice Form                 Ice/Tmut       7%         N/A       87%         4


Dungeon Overview and Level Annotations

Branches:
Dungeon (1/1)

Altars:

Annotations:
D Crazy Yiuf


Innate Abilities, Weirdness & Mutations

You are a venomous arachnid creature.
You have poisonous fangs.
You are tiny and dextrous.
Your spellcasting is less reliable in this form.
Your armour is entirely melded.
You are incapable of wielding weapons or throwing items.
You cannot wear most types of armour.
((You are amphibious.))
You can wear up to eight rings at the same time.
((Your skin changes colour to match your surroundings (Stealth+).))
((Your rubbery body absorbs attacks. (AC +1, EV +1)))
((You are camouflaged when in or above water. (Stealth+)))
((You have tentacles for arms and can constrict up to eight enemies at once.))


Message History

Okay, then.
You can't go up here!
Crazy Yiuf the Enlightened comes into view.
He is wielding a +2 quarterstaff of chaos and carrying a wand of flame (28).
Casting: Spider Form (extremely dangerous; 30% risk of failure)
Confirm with . or Enter, or press ? or * to list all spells.
The spell is extremely dangerous to miscast (30% risk of failure)!
Continue anyway?
Okay, then.
Casting: Spider Form (extremely dangerous; 30% risk of failure)
Confirm with . or Enter, or press ? or * to list all spells.
The spell is extremely dangerous to miscast (30% risk of failure)!
Continue anyway?
You miscast Spider Form.
You are very lightly contaminated with residual magic.
Nothing appears to happen.
Casting: Spider Form (extremely dangerous; 30% risk of failure)
Confirm with . or Enter, or press ? or * to list all spells.
Okay, then.
Crazy Yiuf is nearby!
You start resting.
Your magical contamination has completely faded away.
Casting: Spider Form (extremely dangerous; 30% risk of failure)
Confirm with . or Enter, or press ? or * to list all spells.
The spell is extremely dangerous to miscast (30% risk of failure)!
Continue anyway?
You turn into a venomous arachnid creature.
You enter the shallow water.
Moving in this stuff is going to be slow.
Crazy Yiuf shouts!
Crazy Yiuf zaps a wand.
The puff of flame misses you.
Crazy Yiuf zaps a wand.
The puff of flame hits you.
You are engulfed in a cloud of scalding steam.
Ouch! That really hurt!
Really crawl into that cloud of steam?
Okay, then.
Your transformation is almost over.
Crazy Yiuf barely misses you.
Your unstable footing causes you to fumble your attack.
Crazy Yiuf splashes around in the water.
You hit Crazy Yiuf.
Crazy Yiuf is poisoned.
Crazy Yiuf is moderately wounded.
Crazy Yiuf hits you with a +2 quarterstaff of chaos!
You die...

▓▓▓▓ ▓▓▓▓ ▓<.#
+...♣ ▓..# #....
▓#'####....♣♣ #
▓.....#....~♣♣♣♣♣.#
▓.....#...~g.♣..♣.#
▓....[#..~~~s♣.♣..+
▓####'#..~≈≈~~~...#
▓..)..#.~~≈~~~....#
▓...÷.#.~≈~~~.....#
▓.....#.~~~.......#
▓'#####...........#
▓...........†.....#
▓▓▓▓▓▓▓▓▓▓▓▓▓▓▓▓▓▓▓


You could see Crazy Yiuf (very poisoned).

Vanquished Creatures
  Jessica (D)
  A human (D)
  2 endoplasms (D)
  A rat (D)
5 creatures vanquished.

Notes
Turn   | Place    | Note
-------+----------+-------------------------------------------
     0 | D        | rocky1 the Octopode Transmuter began the quest for the Orb.
     0 | D        | Reached XP level 1. HP: 13/13 MP: 3/3
    18 | D        | Noticed Jessica
    25 | D        | Killed Jessica
    26 | D        | Reached skill level 1 in Stealth
    26 | D        | Reached skill level 5 in Unarmed Combat
    26 | D        | Reached XP level 2. HP: 9/18 MP: 3/6
    26 | D        | Reached XP level 3. HP: 12/23 MP: 3/7
   252 | D        | Learned a level 2 spell: Wereblood
   256 | D        | Learned a level 3 spell: Spider Form
   451 | D        | Noticed Crazy Yiuf
   470 | D        | Slain by Crazy Yiuf

Illustrated notes

Levels and vault maps discovered:
D:        dungeon_sprint_mu [sprint_mu_entry_forest, sprint_mu_temple_rooms,
          sprint_mu_d1_spiders, sprint_mu_d2_genie, sprint_mu_d3_branching,
          sprint_mu_orc_legion, sprint_mu_elf_gauntlet, sprint_mu_hive_nellie,
          sprint_mu_lair_fedhas, sprint_mu_vaults_butterflies,
          sprint_mu_slime_circle, sprint_mu_swamp_cave, sprint_mu_snake_twists,
          sprint_mu_blade_basic, sprint_mu_crypt_chambers,
          sprint_mu_tomb_spiral, sprint_mu_vestibule_basic,
          sprint_mu_gehenna_hellfire, sprint_mu_dis_giant,
          sprint_mu_tartarus_statrot, sprint_mu_cocytus_islands, sprint_mu_zot1]

Skill      XL: |  1  2  3 |
---------------+----------+-----
Stealth        | 1 2 |  2.2
Unarmed Combat | 5 |  5.7
Spellcasting   | 3 |  3.2
Dodging        | 3 |  3.0
Transmutations | 3 |  3.1
Fighting       | |  1.1

Action                   || total
-------------------------++-------
Melee: Unarmed           ||    15
       Tentacles         ||     5
       Constrict         ||     1
 Cast: Beastly Appendage ||     2
       Spider Form       ||     2
 Stab: Sleeping          ||     3
Dodge: Dodged            ||    10

Table legend: (Time is in decaauts)
 A = Elapsed time spent in this place.
 B = Non-inter-level travel time spent in this place.
 C = Inter-level travel time spent in this place.
 D = Time resting spent in this place.
 E = Time spent auto-exploring this place.
 F = Levels seen in this place.
 G = Mean time per level.
                   A        B        C        D        E       F      G
               +--------+--------+--------+--------+--------+-----+--------+
         Total |    476 |    476 |      0 |    392 |      8 |   1 |  476.0 |
       Dungeon |    476 |    476 |      0 |    392 |      8 |   1 |  476.0 |
               +--------+--------+--------+--------+--------+-----+--------+

Top non-repeatable levels by time:
       D: 476 daAuts
